 Dungeon Crawl Stone Soup version 0.15-a0-1253-g15b4f57 (webtiles) character file.

134 Avan the Slasher (level 4, -2/29 HPs)
             Began as a High Elf Skald on June 4, 2014.
             Slain by a gnoll
             ... wielding a +0,+0 spear
              (10 damage)
             ... on Level 2 of the Dungeon.
             The game lasted 00:11:04 (2902 turns).

Avan the Slasher (High Elf Skald)                   Turns: 2902, Time: 00:11:04

HP  -2/29        AC  3     Str 11      XL: 4   Next: 95%
MP   7/11        EV 10     Int 16      God:
Gold 54          SH  0     Dex 15      Spells:  3 memorised,  1 level left

rFire  . . .     SeeInvis .     a - +0 falchion
rCold  . . .     Clarity  .     b - +0 leather armour
rNeg   . . .     rCorr    .     (no shield)
rPois  .         rRot     .     (no helmet)
rElec  .         Spirit   .     (no cloak)
SustAb .         Warding  .     (no gloves)
rMut   .         Stasis   .     (no boots)
Gourm  .                        (no amulet)
MR     .....                    (no ring)
                                (no ring)

@: infused, not resistant to hostile enchantments, very unstealthy
A: no striking features
a: no special abilities


You were on level 2 of the Dungeon.
You were very hungry.

You visited 1 branch of the dungeon, and saw 2 of its levels.

You collected 54 gold pieces.

Inventory:

Hand weapons
 a - a +0,+0 falchion (weapon)
Armour
 b - a +0 leather armour (worn)
 e - a cursed +0 plate armour
 f - a +0 cloak
Comestibles
 d - 2 bread rations
 p - a slice of pizza
Scrolls
 h - 4 scrolls of enchant weapon II {unknown}
 i - a scroll of immolation {unknown}
 j - a scroll of identify {unknown}
 l - a scroll of remove curse {unknown}
 q - a scroll of fear {unknown}
 s - a scroll of teleportation {unknown}
Potions
 g - a potion of flight {unknown}
 k - a potion of degeneration {unknown}
 m - 4 potions of curing {unknown}
 n - a potion of brilliance {unknown}
Books
 c - a book of Battle

   Spells                             Type                      Level
   *Infusion                          Charms                       1
   *Shroud of Golubria                Charms/Translocation         2
   Song of Slaying                    Charms                       2
   Spectral Weapon                    Hexes/Charms                 3
   *Regeneration                      Charms/Necromancy            3


   Skills:
 - Level 2.0 Fighting
 + Level 5.3 Long Blades
 - Level 0.8 Armour
 - Level 1.1 Dodging
 - Level 2.4 Spellcasting
 + Level 4.8 Charms


You had one spell level left.
You knew the following spells:

 Your Spells              Type           Power        Failure   Level  Hunger
a - Infusion              Chrm           ###...       3%          1    #......
b - Shroud of Golubria    Chrm/Tloc      #.........   12%         2    ##.....
c - Regeneration          Chrm/Necr      #.........   21%         3    ####...


Dungeon Overview and Level Annotations

Branches:
Dungeon (2/15)

Altars:


Message History

You barely miss the gnoll.
The gnoll is severely wounded.
A gnoll comes into view. It is wielding a spear.
You hit the gnoll.
You kill the gnoll!
The gnoll drinks a potion.
The gnoll suddenly seems more agile.
Things that are here:
a spear; a gnoll corpse Your shroud bends the gnoll's attack away.
Casting: Shroud of Golubria
Confirm with . or Enter, or press ? or * to list all spells.
You begin infusing your attacks with magical energy.
The gnoll hits you from afar with a spear!
* * * LOW HITPOINT WARNING * * *
Your shroud falls apart!
The gnoll closely misses you.
Your magical contamination has completely faded away.
There is an open door here.
You miss the gnoll. The gnoll hits you with a spear!
You die...

........#
#..........#....#.....
........#
#####.......#..#......
........#
#....[).###.....%.
........#
#..!...###........
........#
#.....#.[#........
........#
####.#....#.......
...>....#
##...#.....##.+###
######'##
#.g#........... #..#
#####@#####..#####
###.######............#
#.......##...)......###
#.......##..........#
#....<..##..........#
#.......##.....!....#
#.......#......[....#
#................?..+
#........#....(.....#


You could see a gnoll.

Vanquished Creatures
  Jessica (D:2)
  2 adders (D:2)
  4 gnolls
  3 worms (D:2)
  An ooze (D:1)
  6 bats
  3 giant cockroaches
  5 goblins
  5 hobgoblins
  A quokka (D:2)
  2 giant geckos (D:1)
  4 giant newts (D:2)
  5 jackals (D:2)
  5 kobolds
  7 rats
54 creatures vanquished.

Notes
Turn   | Place    | Note
--------------------------------------------------------------
     0 | D:1      | Avan, the High Elf Skald, began the quest for the Orb.
     0 | D:1      | Reached XP level 1. HP: 14/14 MP: 4/4
   294 | D:1      | Reached XP level 2. HP: 17/19 MP: 6/6
   396 | D:1      | Learned a level 2 spell: Shroud of Golubria
  1086 | D:1      | Reached skill level 4 in Long Blades
  1086 | D:1      | Reached XP level 3. HP: 13/24 MP: 6/8
  1503 | D:2      | HP: 1/24 [worm (7)]
  1902 | D:2      | Noticed Jessica
  1916 | D:2      | Killed Jessica
  1916 | D:2      | Reached XP level 4. HP: 16/29 MP: 6/11
  2061 | D:2      | Reached skill level 5 in Long Blades
  2104 | D:2      | Learned a level 3 spell: Regeneration
  2902 | D:2      | Slain by a gnoll

Action                   |  1- 3 |  4- 6 || total
-------------------------+-------+-------++-------
Melee: Falchion          |   117 |    81 ||   198
 Cast: Infusion          |     1 |     3 ||     4
       Shroud of Golubri |     9 |     3 ||    12
  Use: Potion            |     1 |       ||     1
